 Dungeon Crawl Stone Soup version 0.30.0-29-ga12c61a403 (webtiles) character file.

Game seed: 3112121518527192833

490 Destapler the Trooper (level 6, -8/49 HPs)
             Began as a Demonspawn Transmuter on June 4, 2023.
             Was an Initiate of Wu Jian.
             Splashed by a jelly's acid (11 damage)
             ... on level 5 of the Dungeon.
             The game lasted 00:15:17 (4543 turns).

Destapler the Trooper (Demonspawn Transmuter)       Turns: 4543, Time: 00:15:18

Health: -8/49      AC:  0    Str: 10    XL:     6   Next: 90%
Magic:  6/9        EV: 12    Int: 14    God:    Wu Jian [......]
Gold:   274        SH:  0    Dex: 16    Spells: 6/9 levels left

rFire   . .          .
                       - Unarmed
rCold   . . .        (no shield)
rNeg    . . .        i - +3 leather armour
rPois   .            o - melded +0 helmet
rElec   .            (no cloak)
rCorr   .            f - +0 pair of gloves
SInv    .            (boots currently unavailable)
Will    .....        (no amulet)
Stlth   ++           (no ring)
HPRegen 0.28/turn    (no ring)
MPRegen 0.11/turn

%: no passive effects
@: appendages (expiring), wereblooded, corroded
A: horns 2, talons 2, hooves 1, ignite blood 1
a: End Transformation, Renounce Religion


You were on level 5 of the Dungeon.
You worshipped Wu Jian.
Wu Jian was noncommittal.
You had temporarily grown beastly horns and talons.
You visited 2 branches of the dungeon, and saw 6 of its levels.

You collected 274 gold pieces.

Inventory:

Missiles
 d - 30 stones
Armour
 a - a +0 robe
 f - a +0 pair of gloves (worn)
 i - a +3 leather armour (worn)
 o - a +0 helmet (melded)
Scrolls
 g - 3 scrolls of identify
 k - 3 scrolls of teleportation
 n - 3 scrolls of poison {unknown}
 q - a scroll of noise {unknown}
Potions
 b - a potion of attraction {unknown}
 c - a potion of curing {unknown}
 e - 2 potions of heal wounds
 h - a potion of berserk rage {unknown}
 j - a potion of ambrosia {unknown}
 p - a potion of lignification


   Skills:
 + Level 4.6 Fighting
 + Level 0.9 Armour
 + Level 3.2 Dodging
 - Level 2.0 Stealth
 - Level 3.0 Unarmed Combat
 + Level 2.2 Spellcasting
 + Level 3.1 Transmutations
 + Level 1.0 Poison Magic


You had 6 spell levels left.
You knew the following spells:

 Your Spells              Type           Power      Damage    Failure   Level
a - Beastly Appendage     Tmut           20%        N/A       9%          1
b - Wereblood             Tmut           10%        N/A       13%         2

Your spell library contained the following spells:

 Spells                   Type           Power      Damage    Failure   Level
 Freeze                   Ice            4%         1d3       32%         1
 Spider Form              Tmut/Pois      7%         N/A       36%         3
 Lesser Beckoning         Tloc           2%         N/A       43%         2
 Frozen Ramparts          Ice            2%         1d1       67%         3
 Gell's Gravitas          Tloc           1%         N/A       67%         3
 Hailstorm                Conj/Ice       1%         3d3       67%         3
 Teleport Other           Tloc           1%         N/A       67%         3
 Ice Form                 Ice/Tmut       6%         N/A       86%         4
 Iskenderun's Battlesphe  Conj           1%         2d6       100%        5
 Iron Shot                Conj/Erth      0%         9d1       100%        6
 Spellforged Servitor     Conj/Summ      0%         N/A       100%        7


Dungeon Overview and Level Annotations

Branches:
Dungeon (5/15)             Temple (1/1) D:5

Altars:
Ashenzari
Dithmenos
Fedhas
Hepliaklqana
Makhleb
Nemelex Xobeh
Okawaru
Ru
Trog
Uskayaw
Vehumet
Wu Jian
Xom
Yredelemnul


Innate Abilities, Weirdness & Mutations

You have temporarily grown beastly horns and talons.
You have large cloven feet.
Your demonic aura sometimes causes spilled blood to erupt in flames.


Message History

There is a staircase back to the Dungeon here.
You climb upwards.
Welcome back to the Dungeon!
You hear the hiss of flowing sand.
There is an entrance to an ossuary on this level.
Hurry and find it before the portal is buried!
You hear the slow hiss of a very distant avalanche of sand.
The orc hits you with a +0 hand axe.
There is a staircase to the Ecumenical Temple here.
Casting: Beastly Appendage (safe; 9% risk of failure)
Confirm with . or Enter, or press ? or * to list all spells.
Your blood is infused with primal strength.
The jelly closely misses you. The orc hits you but does no damage.
The orc barely misses you.
You grow a pair of large bovine horns.
Your feet morph into talons.
Your +0 helmet melds into your body.
The orc completely misses you. The orc hits you with a +0 dagger.
The jelly hits you but does no damage.
You hit the jelly. The acid corrodes you!
Your hands burn!
The jelly is moderately wounded.
The jelly barely misses you. The orc misses you. The orc barely misses you.
The orc hits you with a +0 hand axe of flaming!
The orc burns you.
You hit the jelly but do no damage. The acid corrodes you!
Your hands burn!
You claw the jelly.
The jelly is moderately wounded.
The orc hits you with a +0 hand axe of flaming.
The orc burns you. The jelly hits you.
You are splashed with acid!
* * * LOW HITPOINT WARNING * * *
The orc hits you with a +0 hand axe.
* * * LOW HITPOINT WARNING * * *
The orc attacks as you move away! The orc barely misses you.
Your transformation is almost over.
The orc hits you with a +0 dagger.
* * * LOW HITPOINT WARNING * * *
Unknown command.
The orc attacks as you move away! The orc hits you with a +0 dagger.
* * * LOW HITPOINT WARNING * * *
The jelly misses you. The jelly attacks as you move away! The jelly hits you.
* * * LOW HITPOINT WARNING * * *
You are splashed with acid!
You die...

.##.##.#.##.#....#...
................... .
.....#.#........# #
#.##.........##.!.##.###
#.....#.8.#.............
#...#..o....#.....##.###
#...8o°.8...#...######
...#..oJo..#...........
#...#@8.#...#...######
.............##...#
####.#.#.#.......[# #
#.....#.#....#
#..#.##.##<..# #.. .#
##...# #. ## #...... #.
##......# .....#.#


You could see a jelly, an orc wizard and 3 orcs.

Vanquished Creatures
  Sigmund (D:2)
  A gnoll sergeant (D:4)
  Jessica (D:2)
  8 gnolls
  3 adders (D:2)
  5 worms
  3 dart slugs
  6 orcs
  13 endoplasms
  10 giant cockroaches
  9 goblins
  5 hobgoblins
  4 jackals (D:1)
  13 kobolds
  3 quokkas (D:1)
  11 ball pythons
  14 bats
  3 frilled lizards
  5 rats
118 creatures vanquished.

Notes
Turn   | Place    | Note
-------+----------+-------------------------------------------
     0 | D:1      | Destapler the Demonspawn Transmuter began the quest for the
                  | Orb.
     0 | D:1      | Reached XP level 1. HP: 15/15 MP: 3/3
   196 | D:1      | Lost mutation: You have razor-sharp toenails. [demonic
                  | ancestry]
   196 | D:1      | Lost mutation: You have sharp toenails. [demonic ancestry]
   196 | D:1      | Gained mutation: You have large cloven feet. [demonic
                  | ancestry]
   196 | D:1      | Reached XP level 2. HP: 18/21 MP: 3/5
   649 | D:1      | Reached XP level 3. HP: 25/26 MP: 4/6
   726 | D:1      | Reached skill level 1 in Stealth
  1081 | D:2      | Noticed Jessica
  1089 | D:2      | Killed Jessica
  1090 | D:2      | Reached skill level 2 in Fighting
  1090 | D:2      | Gained mutation: Your demonic aura sometimes causes spilled
                  | blood to erupt in flames. [demonic ancestry]
  1090 | D:2      | Reached XP level 4. HP: 4/33 MP: 7/7
  1285 | D:2      | Learned a level 2 spell: Wereblood
  1719 | D:2      | Noticed Sigmund
  1734 | D:2      | Killed Sigmund
  1735 | D:2      | Reached skill level 3 in Fighting
  1735 | D:2      | Reached XP level 5. HP: 42/42 MP: 8/8
  1735 | D:2      | Reached XP level 6. HP: 48/48 MP: 9/9
  2222 | D:3      | Found a faded altar of an unknown god.
  2294 | D:3      | Reached skill level 4 in Fighting
  2299 | D:3      | HP: 1/48 [gnoll/+0 halberd (7)]
  3628 | D:4      | Found a shimmering altar of Xom.
  3729 | D:4      | Reached skill level 1 in Poison Magic
  4428 | D:5      | Entered Level 5 of the Dungeon
  4428 | D:5      | Found a staircase to the Ecumenical Temple.
  4439 | D:5      | Identified the +0 ring mail "Ysseumaj" {Will+}
  4460 | Temple   | Entered the Ecumenical Temple
  4499 | Temple   | Became a worshipper of the Wu Jian Council
  4543 | D:5      | Splashed by a jelly's acid

Illustrated notes

Levels and vault maps discovered:
D:1:      eino_arrival_water_star, layout_basic, item_on_display_a
D:2:      layout_basic, serial_corexii_hall, corexii_hall_statues_s,
          corexii_hall_statues_u, uniq_jessica, uniq_sigmund
D:3:      layout_loops_ring, mainiacjoe_overflow_catwalk,
          chequers_ecumenical_altar_island, chequers_decorated_corner
D:4:      layout_basic, tgw_xom, serial_bayou_ford_a,
          chequers_serial_rivers_micro_a, minmay_statues_item,
          corexii_leaking_fountain, lightli_minifort
D:5:      layout_basic, elyvilon_altar_4, minmay_temple_entry_sparse_star,
          nicolae_ossuary_entry_giza
Temple:   compressed_dpeg_circular_temple

Skill      XL: |  1  2  3  4  5  6 |
---------------+-------------------+-----
Dodging        | 2 3 |  3.2
Transmutations | 2 3 |  3.1
Stealth        | 1 2 |  2.0
Unarmed Combat | 3 |  3.0
Fighting       | 2 3 4 |  4.6
Poison Magic   | 1 |  1.0
Armour         | |  0.9
Spellcasting   | |  2.2

Action                     |  1- 3 |  4- 6 || total
---------------------------+-------+-------++-------
  Melee: Unarmed           |   118 |   183 ||   301
         Kick              |    23 |    50 ||    73
         Headbutt          |    12 |    20 ||    32
         Punch             |     1 |     4 ||     5
  Throw: Stone             |     1 |     7 ||     8
   Cast: Beastly Appendage |    24 |    46 ||    70
         Wereblood         |       |     5 ||     5
    Use: Potion            |     1 |     2 ||     3
         Scroll            |       |     6 ||     6
   Stab: Sleeping          |     1 |     5 ||     6
 Armour: Robe              |    24 |       ||    24
         Leather armour    |    10 |    55 ||    65
         Skin              |       |     7 ||     7
  Dodge: Dodged            |    71 |   112 ||   183
